 Dungeon Sprint DCSS version 0.28.0-45-g0d030f2227 (webtiles) character file.

Game seed: 14716597117767094658

71385 Zeld the Slayer (level 14, -2/240 HPs)
             Began as a Minotaur Berserker on Apr 20, 2022.
             Was a High Priest of Trog.
             Slain by an ancient champion
             ... wielding a +3 vorpal battleaxe
              (6 damage)
             ... in the Dungeon (Sprint V: "Ziggurat Sprint").
             The game lasted 00:08:30 (3591 turns).

Zeld the Slayer (Minotaur Berserker)                Turns: 3591, Time: 00:08:31

Health: -2/240     AC: 31    Str: 37    XL:     14   Next: 97%
Magic:  0/13       EV: 13    Int:  4    God:    Trog [*****.]
Gold:   0          SH: 29    Dex: 12    Spells: 13/13 levels left

rFire   . . .      SeeInvis +   a - +14 obsidian axe {vorpal, Mesm Drain Fly SInv}
rCold   . . .      Faith    .   w - +3 tower shield
rNeg    . . .      Spirit   .   v - +5 crystal plate armour
rPois   .          Reflect  +   (helmet restricted)
rElec   .          Harm     .   (no cloak)
rCorr   .          Rampage  .   (no gloves)
Will    +++..      NoTele   +   (no boots)
Stlth   ..........              A - amulet of reflection
HPRegen 1.50/turn               s - +6 ring of strength
MPRegen 0.13/turn               t - +6 ring of strength

@: berserking, strong-willed, flying, mesmerised, regenerating, very quick
A: horns 2, retaliatory headbutt
a: Renounce Religion, Berserk, Trog's Hand, Brothers in Arms


You were in the Dungeon.
You worshipped Trog.
Trog was extremely pleased with you.
You visited 1 branch

Inventory:

Hand Weapons
 a - the +14 obsidian axe (weapon) {vorpal, Mesm Drain Fly SInv}
   (You found it in the Dungeon)

   It inflicts extra damage upon your enemies.
   It occasionally summons demons to assist the wielder when it strikes in
   combat.
   Its wielder is mesmerised by any visible foes.
   It cannot be unequipped while any foes are visible.
   SInv:      It lets you see invisible.
   Fly:       It grants you flight.
   Drain:     It drains your maximum health when unequipped.
Armour
 v - a +5 crystal plate armour (worn)
 w - a +3 tower shield (worn)
Jewellery
 s - a +6 ring of strength (left hand)
 t - a +6 ring of strength (right hand)
 A - an amulet of reflection (around neck)
Wands
 p - a wand of mindburst (7)
 q - a wand of iceblast (7)
 r - a wand of acid (7)
Scrolls
 b - 7 scrolls of fog
 h - 4 scrolls of blinking
 i - a scroll of holy word
 j - 5 scrolls of identify
 k - 2 scrolls of fear
 n - 4 scrolls of enchant armour
 z - 2 scrolls of brand weapon
 B - 4 scrolls of enchant weapon
Potions
 c - 10 potions of curing
 d - 10 potions of heal wounds
 e - 6 potions of haste
 f - 7 potions of magic
 g - 3 potions of berserk rage
 l - 2 potions of invisibility
 m - 4 potions of resistance
 o - 6 potions of might
Miscellaneous
 u - a lightning rod (4/4)
 x - a condenser vane
 y - a tin of tremorstones (2/2)
 C - a phial of floods
 D - a phantom mirror


   Skills:
 * Level 24.9 Fighting
 - Level 18.0 Axes
 * Level 19.3 Armour
 * Level 18.4 Dodging
 * Level 21.1 Shields
 - Level 12.0 Evocations


You had 13 spell levels left.
You didn't know any spells.
Your spell library was empty.

Dungeon Overview and Level Annotations

Branches:
Dungeon (1/1)

Altars:
Ashenzari
Cheibriados
Dithmenos
Elyvilon
Fedhas
Gozag
Hepliaklqana
Kikubaaqudgha
Makhleb
Nemelex Xobeh
Okawaru
Qazlal
Ru
Sif Muna
Trog
Uskayaw
Vehumet
Wu Jian
Xom
Yredelemnul
Zin
The Shining One
Beogh
Jiyva
Lugonu


Innate Abilities, Weirdness & Mutations

You have a pair of horns on your head.
You reflexively headbutt those who attack you in melee.


Message History

Unknown command.
Unknown command.
You barely miss the quicksilver elemental.
You headbutt the quicksilver elemental!
The quicksilver elemental is almost destroyed.
You hit the war gargoyle but do no damage.
You slash the war gargoyle! You hit the war gargoyle.
You closely miss the quicksilver elemental.
You closely miss the ancient champion.
You hit the ancient champion but do no damage.
Visions of slaying the quicksilver elemental flood into your mind.
The quicksilver elemental closely misses you.
You furiously retaliate!
You headbutt the quicksilver elemental!
You block the ancient champion's attack.
You block the quicksilver elemental's attack.
The war gargoyle hits you with a +0 flail!!
* * * LOW HITPOINT WARNING * * *
You block the ancient champion's attack.
You block the war gargoyle's attack.
Unknown command.
Unknown command.
Unknown command.
Unknown command.
You slice the ancient champion!! You headbutt the ancient champion!
The ancient champion is almost destroyed.
You hit the war gargoyle. You slice the war gargoyle!!
You hit the war gargoyle.
You hit the war gargoyle but do no damage.
You slash the quicksilver elemental!
You are no longer entranced.
You destroy the quicksilver elemental!
Trog accepts your kill.
You slice the ancient champion!!
Visions of slaying the ancient champion flood into your mind.
The war gargoyle launches metal splinters at you.
The spray of metal splinters hits you.
* * * LOW HITPOINT WARNING * * *
You block the war gargoyle's attack.
The ancient champion hits you with a +3 vorpal battleaxe.
You die...

▓...}=.)[)
▓..}:)))|}:)..▓.........
▓..[|?:))}:|..▓.........
▓.............▓.........
▓.............▓....÷÷...
▓.....22......▓..▓..)..▓
▓....D2bL.....▓.▓▓▓...▓▓
▓....9999.....▓..▓.....▓
▓.E9@9z.▓ ▓.....©... ▓
▓▓..zz.▓▓ ▓▓▓▓▓▓▓▓▓▓
▓..▓.......▓..▓....8©8..
▓.............▓..)).))")
▓......©......▓...|::}|.
▓▓▓▓▓▓▓▓▓▓▓▓▓▓▓.........
▓......... ▓.........
▓.........


You could see an iron golem, an iron dragon, a caustic shrike, a dread lich, a
hell beast (summoned), a quicksilver elemental, 3 ancient champions, 5 war
gargoyles and 2 tormentors.

Vanquished Creatures
  A caustic shrike (D)
  A Hell Sentinel (D)
  2 liches (D)
  2 ancient champions (D)
  2 shadow dragons (D)
  3 quicksilver elementals (D)
  An iron dragon (D)
  3 stone giants (D)
  10 war gargoyles (D)
  A green draconian (D)
  2 entropy weavers (D)
  A yaktaur captain (D)
  A jorogumo (D)
  16 vault guards (D)
  2 dancing weapons (D)
  2 orc high priests (D)
  2 soul eaters (D)
  An orc knight (D)
  A wolf spider (D)
  2 draconians (D)
  2 cyclopes (D)
  3 naga magi (D)
  4 demonic crawlers (D)
  A komodo dragon (D)
  5 wind drakes (D)
  A troll (D)
  A polar bear (D)
  6 merfolk (D)
  A meliai (D)
  A hornet (D)
  A culicivora (D)
  A spriggan (D)
  A wyvern (D)
  A water elemental (D)
  A fire elemental (D)
  A redback (D)
  A warg (D)
  A naga (D)
  A hell hound (D)
  2 water moccasins (D)
  2 black bears (D)
  2 orc warriors (D)
  2 ogres (D)
  A centaur (D)
  2 wolves (D)
  3 bullfrogs (D)
  2 quasits (D)
  An iguana (D)
  An adder (D)
  An adder zombie (D)
  An adder skeleton (D)
  A spectral bat (D)
  A bat skeleton (D)
  4 ball pythons (D)
  A ball python simulacrum (D)
  A jackal skeleton (D)
  2 spectral giant cockroaches (D)
120 creatures vanquished.

Vanquished Creatures (collateral kills)
  3 vault guards (D)
  An orc high priest (D)
  2 deep elf archers (D)
  A draconian (D)
  A deep elf pyromancer (D)
  2 polar bears (D)
  A bat zombie (D)
  A quokka zombie (D)
12 creatures vanquished.

Grand Total: 132 creatures vanquished

Notes
Turn   | Place    | Note
-------+----------+-------------------------------------------
     0 | D        | Zeld the Minotaur Berserker began the quest for the Orb.
     0 | D        | Reached XP level 1. HP: 19/19 MP: 0/0
     9 | D        | Found a blossoming altar of Fedhas.
     9 | D        | Found the +6 Majin-Bo {vamp, MP+6 Int+6}
     9 | D        | Found the +9 heavy crossbow "Sniper" {vorpal, Acc+∞ SInv}
     9 | D        | Found the +10 dark maul {vorpal}
     9 | D        | Found the +15 Maxwell's patent armour {-Cast -Tele rElec
                  | Will+ rCorr}
     9 | D        | Found the +18 shield of the Gong {rElec rN+ Will+ EV-5}
     9 | D        | Found the +14 obsidian axe {vorpal, Mesm Drain Fly SInv}
     9 | D        | Found the +7 great mace "Firestarter" {inner flame, rF++}
     9 | D        | Found the +6 shillelagh "Devastator" {shatter}
     9 | D        | Found the +11 plutonium sword {Contam Stlth-}
     9 | D        | Found the +8 lance "Wyrmbane" {slay drac, rPois rF+ rC+
                  | AC+3}
     9 | D        | Found the +9 sword of Zonguldrok {reap}
     9 | D        | Found the +13 scythe of Curses {drain, Drain}
     9 | D        | Found the +5 sword of Power {vorpal}
     9 | D        | Found the +7 mace of Variability {chain chaos}
     9 | D        | Found the +7 Singing Sword {vorpal, sonic wave}
     9 | D        | Found the +8 storm bow {elec, penet}
    15 | D        | Found a viscous altar of Jiyva.
    15 | D        | Found a hazy altar of Hepliaklqana.
    15 | D        | Found a transporter.
    15 | D        | Found an opulent altar of Gozag.
    15 | D        | Found an ancient bone altar of Kikubaaqudgha.
    15 | D        | Found a corrupted altar of Lugonu.
    18 | D        | Found a burning altar of Makhleb.
    19 | D        | Found a sacrificial altar of Ru.
    19 | D        | Found a stormy altar of Qazlal.
    19 | D        | Found a shimmering blue altar of Sif Muna.
    19 | D        | Found an iron altar of Okawaru.
    19 | D        | Found a bloodstained altar of Trog.
    19 | D        | Found a sparkling altar of Nemelex Xobeh.
    77 | D        | Entered arena 2.
    77 | D        | Found a transporter.
    82 | D        | Reached skill level 4 in Fighting
    82 | D        | Reached skill level 1 in Shields
   258 | D        | Entered arena 3.
   258 | D        | Noticed a quasit
   258 | D        | Noticed a quasit
   258 | D        | Noticed a hell hound
   258 | D        | Found a transporter.
   261 | D        | Killed a quasit
   261 | D        | Reached ** piety under Trog
   262 | D        | Reached skill level 5 in Fighting
   262 | D        | Reached XP level 2. HP: 29/29 MP: 1/1
   262 | D        | Reached XP level 3. HP: 36/36 MP: 2/2
   262 | D        | Killed a hell hound
   263 | D        | Reached skill level 7 in Fighting
   263 | D        | Reached skill level 5 in Axes
   263 | D        | Reached skill level 5 in Armour
   263 | D        | Reached XP level 4. HP: 47/47 MP: 3/3
   263 | D        | Reached XP level 5. HP: 52/52 MP: 4/4
   320 | D        | Entered arena 4.
   320 | D        | Noticed a draconian
   320 | D        | Noticed a draconian
   320 | D        | Noticed a draconian
   320 | D        | Noticed a green draconian
   320 | D        | Found a transporter.
   326 | D        | Killed a green draconian
   327 | D        | Reached skill level 11 in Fighting
   327 | D        | Reached skill level 10 in Shields
   327 | D        | Reached XP level 6. HP: 68/68 MP: 5/5
   327 | D        | Reached XP level 7. HP: 74/74 MP: 6/6
   328 | D        | Killed a draconian
   328 | D        | Reached *** piety under Trog
   329 | D        | Reached skill level 12 in Fighting
   329 | D        | Reached XP level 8. HP: 84/84 MP: 7/7
   329 | D        | Killed a draconian
   330 | D        | Reached skill level 13 in Fighting
   330 | D        | Killed a draconian
   331 | D        | Reached skill level 10 in Axes
   331 | D        | Reached XP level 9. HP: 93/93 MP: 8/8
   477 | D        | Entered arena 5.
   477 | D        | Noticed a polar bear
   477 | D        | Noticed a polar bear
   477 | D        | Noticed a polar bear
   477 | D        | Found a transporter.
   481 | D        | Killed a polar bear
   482 | D        | Reached **** piety under Trog
   483 | D        | Killed a polar bear
   483 | D        | Killed a polar bear
   484 | D        | Reached skill level 14 in Fighting
   484 | D        | Reached skill level 10 in Armour
   518 | D        | Entered arena 6.
   518 | D        | Found a transporter.
   523 | D        | Reached ***** piety under Trog
   656 | D        | Entered arena 7.
   656 | D        | Noticed a wind drake
   656 | D        | Noticed a cyclops
   656 | D        | Noticed a merfolk
   656 | D        | Noticed a wind drake
   656 | D        | Noticed a merfolk
   657 | D        | Found a transporter.
   664 | D        | Killed a wind drake
   664 | D        | Killed a cyclops
   665 | D        | Reached skill level 15 in Fighting
   665 | D        | Reached skill level 10 in Dodging
   665 | D        | Killed a wind drake
   666 | D        | Reached skill level 15 in Shields
   666 | D        | Reached XP level 10. HP: 105/105 MP: 9/9
   669 | D        | Received a gift from Trog
   921 | D        | Entered arena 8.
   922 | D        | Found a transporter.
   926 | D        | Reached skill level 1 in Evocations
   928 | D        | Noticed an orange demon
   929 | D        | Received a gift from Trog
  1012 | D        | Entered arena 9.
  1012 | D        | Noticed a deep elf archer
  1012 | D        | Noticed a deep elf archer
  1012 | D        | Noticed a deep elf pyromancer
  1012 | D        | Noticed a +3 flail of protection
  1012 | D        | Noticed a +0 short sword of venom
  1013 | D        | Found a transporter.
  1014 | D        | Killed a +0 short sword of venom
  1021 | D        | Killed a +3 flail of protection
  1027 | D        | Killed a deep elf archer
  1028 | D        | Reached skill level 16 in Fighting
  1028 | D        | Killed a deep elf pyromancer
  1028 | D        | Reached ****** piety under Trog
  1029 | D        | Reached skill level 5 in Evocations
  1032 | D        | Killed a deep elf archer
  1033 | D        | Reached XP level 11. HP: 59/116 MP: 10/10
  1212 | D        | Entered arena 10.
  1213 | D        | Found a transporter.
  1220 | D        | Received a gift from Trog
  1225 | D        | Reached skill level 17 in Fighting
  1233 | D        | Reached skill level 15 in Axes
  1340 | D        | Entered arena 11.
  1341 | D        | Found a transporter.
  1344 | D        | Identified the +10 flail of Peace {flame, rF++} (Trog
                  | gifted it to you in the Dungeon)
  1344 | D        | Received a gift from Trog
  1352 | D        | Received a gift from Trog
  1353 | D        | Reached skill level 18 in Fighting
  1719 | D        | Entered arena 12.
  1719 | D        | Found the +0 staff of Battle
  1719 | D        | Noticed an orc high priest
  1719 | D        | Noticed an orc high priest
  1719 | D        | Noticed an orc knight
  1719 | D        | Noticed an orc high priest
  1721 | D        | Noticed a sixfirhy
  1721 | D        | Found a transporter.
  1725 | D        | Noticed a soul eater
  1726 | D        | Noticed a soul eater
  1728 | D        | Killed an orc high priest
  1728 | D        | Killed an orc knight
  1731 | D        | Killed an orc high priest
  1735 | D        | Killed an orc high priest
  1767 | D        | Got the ring of the Glamorous Apple {rC- Str+5 Slay+3 SInv}
  2035 | D        | Entered arena 13.
  2035 | D        | Noticed a stone giant
  2035 | D        | Noticed a vault guard
  2035 | D        | Noticed a stone giant
  2035 | D        | Noticed a vault guard
  2035 | D        | Noticed a lich
  2035 | D        | Noticed a vault guard
  2035 | D        | Noticed a lich
  2035 | D        | Noticed a vault guard
  2035 | D        | Noticed a vault guard
  2036 | D        | Noticed a vault guard
  2036 | D        | Noticed a vault guard
  2037 | D        | Found a transporter.
  2042 | D        | Killed a vault guard
  2042 | D        | Received a gift from Trog
  2043 | D        | Reached skill level 19 in Fighting
  2043 | D        | Killed a vault guard
  2044 | D        | Reached skill level 10 in Evocations
  2044 | D        | Killed a stone giant
  2045 | D        | Reached XP level 12. HP: 130/130 MP: 11/11
  2045 | D        | Killed a stone giant
  2047 | D        | Killed a vault guard
  2047 | D        | Killed a vault guard
  2047 | D        | Killed a lich
  2048 | D        | Reached skill level 20 in Fighting
  2048 | D        | Killed a lich
  2048 | D        | Identified the +8 lajatang "Vitsytos" {flame, rC+} (Trog
                  | gifted it to you in the Dungeon)
  2048 | D        | Received a gift from Trog
  2049 | D        | Killed a vault guard
  2050 | D        | Killed a vault guard
  2053 | D        | Killed a vault guard
  2054 | D        | Reached skill level 21 in Fighting
  2236 | D        | Entered arena 14.
  2238 | D        | Noticed an entropy weaver
  2238 | D        | Noticed a jorogumo
  2238 | D        | Noticed an entropy weaver
  2239 | D        | Found the +2 Maxwell's thermic engine {flame, freeze}
  2245 | D        | Received a gift from Trog
  2247 | D        | Killed an entropy weaver
  2250 | D        | Killed an entropy weaver
  2250 | D        | Received a gift from Trog
  2252 | D        | Killed a jorogumo
  2252 | D        | Received a gift from Trog
  2261 | D        | Found a transporter.
  2301 | D        | Reached XP level 13. HP: 103/145 MP: 12/12
  2440 | D        | Entered arena 15.
  2442 | D        | Noticed a shadow dragon
  2442 | D        | Noticed a shadow dragon
  2444 | D        | Found a transporter.
  2448 | D        | Received a gift from Trog
  2456 | D        | Killed a shadow dragon
  2457 | D        | Reached skill level 22 in Fighting
  2457 | D        | Reached XP level 14. HP: 96/154 MP: 13/13
  2457 | D        | Killed a shadow dragon
  2458 | D        | Reached skill level 15 in Armour
  2459 | D        | Received a gift from Trog
  2762 | D        | Entered arena 16.
  2764 | D        | Identified the +4 shortbow of the Sun {venom, rElec}
  2764 | D        | Noticed a stone giant
  2765 | D        | Found a transporter.
  2775 | D        | Reached skill level 15 in Dodging
  2782 | D        | Identified the +7 broad axe of the Imperium {vorpal, Str+4
                  | Dex+2} (Trog gifted it to you in the Dungeon)
  2782 | D        | Received a gift from Trog
  2788 | D        | Reached skill level 23 in Fighting
  2789 | D        | Killed a stone giant
  2791 | D        | Received a gift from Trog
  3024 | D        | Entered arena 17.
  3027 | D        | Noticed a Hell Sentinel
  3027 | D        | Noticed a war gargoyle
  3027 | D        | Noticed a war gargoyle
  3027 | D        | Noticed an iron dragon
  3027 | D        | Noticed a war gargoyle
  3027 | D        | Noticed a war gargoyle
  3027 | D        | Noticed an ancient champion
  3027 | D        | Noticed a quicksilver elemental
  3027 | D        | Noticed an ancient champion
  3027 | D        | Noticed a war gargoyle
  3027 | D        | Noticed a war gargoyle
  3027 | D        | Noticed a war gargoyle
  3028 | D        | Noticed a quicksilver elemental
  3028 | D        | Noticed a war gargoyle
  3028 | D        | Noticed a caustic shrike
  3033 | D        | Killed a war gargoyle
  3034 | D        | Killed a war gargoyle
  3035 | D        | Killed a war gargoyle
  3039 | D        | Killed a quicksilver elemental
  3039 | D        | Killed a quicksilver elemental
  3040 | D        | Killed an ancient champion
  3040 | D        | Received a gift from Trog
  3040 | D        | Killed a caustic shrike
  3041 | D        | Reached skill level 24 in Fighting
  3041 | D        | Killed a war gargoyle
  3041 | D        | Killed an ancient champion
  3041 | D        | Killed a war gargoyle
  3043 | D        | Killed a war gargoyle
  3043 | D        | Received a gift from Trog
  3043 | D        | Killed a war gargoyle
  3045 | D        | Killed a war gargoyle
  3048 | D        | Killed an iron dragon
  3050 | D        | Killed a Hell Sentinel
  3051 | D        | Found a transporter.
  3441 | D        | Got the ring "Ircha" {rPois rF++ rC+++ Will- AC+4}
  3578 | D        | Entered arena 18.
  3581 | D        | Noticed a war gargoyle
  3581 | D        | Noticed a war gargoyle
  3581 | D        | Noticed an ancient champion
  3581 | D        | Noticed an ancient champion
  3581 | D        | Noticed a quicksilver elemental
  3581 | D        | Noticed a war gargoyle
  3581 | D        | Noticed a war gargoyle
  3581 | D        | Noticed a war gargoyle
  3581 | D        | Noticed a quicksilver elemental
  3581 | D        | Noticed an iron dragon
  3582 | D        | Noticed a war gargoyle
  3582 | D        | Noticed a caustic shrike
  3582 | D        | Noticed an ancient champion
  3583 | D        | Noticed a dread lich
  3583 | D        | Noticed a war gargoyle
  3588 | D        | Killed a war gargoyle
  3588 | D        | Received a gift from Trog
  3589 | D        | Killed a war gargoyle
  3590 | D        | HP: 6/240 [war gargoyle/+0 flail (22)]
  3591 | D        | Killed a quicksilver elemental
  3591 | D        | Slain by an ancient champion

Illustrated notes

Levels and vault maps discovered:
D:        sprint_v [room_start, room_1, room_2, room_3, room_4, room_5, room_6,
          room_7, room_8, room_9, room_10, room_11, room_12, room_13, room_14,
          room_15, room_16, room_17, room_18, room_19, room_20, room_21,
          room_22, room_23, room_24, room_25, room_26, room_27]

Skill      XL: |  1  2  3  4  5  6  7  8  9 10 11 12 13 14 |
---------------+-------------------------------------------+-----
Fighting       | 5 7 11 12 13 15 16 19 21 22 24 | 24.9
Shields        | 3 6 10 11 12 15 16 17 21 | 21.1
Axes           | 4 5 8 9 10 11 14 17 18 | 18.0
Armour         | 3 5 8 9 11 12 14 19 | 19.3
Dodging        | 3 4 7 8 10 12 14 18 | 18.4
Evocations     | 5 10 12 | 12.0

Action                   |  1- 3 |  4- 6 |  7- 9 | 10-12 | 13-15 || total
-------------------------+-------+-------+-------+-------+-------++-------
Melee: Broad axe         |     4 |     5 |    19 |    86 |    59 ||   173
       Headbutt          |       |     1 |     1 |    13 |    18 ||    33
Invok: Berserk           |     1 |     1 |     2 |     5 |     4 ||    13
       Trog's Hand       |       |     1 |       |     1 |     2 ||     4
       Brothers in Arms  |       |       |       |       |     4 ||     4
  Use: Potion            |       |       |       |     1 |       ||     1
 Stab: Distracted        |       |       |     1 |       |       ||     1
Armor: Crystal plate arm |    11 |     8 |    11 |    58 |    38 ||   126
Dodge: Dodged            |       |     2 |     9 |    42 |    24 ||    77
Block: Tower shield      |     8 |     1 |    33 |   187 |   123 ||   352
       Reflection        |       |       |       |     5 |     2 ||     7
